 Dungeon Crawl Stone Soup version 0.31-a0-198-g2ad674f65e (webtiles) character file.

Game seed: 11045708812324194845

64 qw the Shooter (level 3, -18/20 HPs)
             Began as a Deep Elf Hunter on June 25, 2023.
             Demolished by an ogre
             ... wielding a +0 giant club
              (22 damage)
             ... on level 3 of the Dungeon.
             The game lasted 00:00:37 (1725 turns).

qw the Shooter (Deep Elf Hunter)                    Turns: 1725, Time: 00:00:38

Health: -18/20     AC:  5    Str:  9 (10) XL:     3   Next: 91%
Magic:  5/5        EV: 10    Int: 12 (13) God:
Gold:   196        SH:  0    Dex: 16 (18) Spells: 2/2 levels left

rFire   . . .        Y - +1 arbalest (freeze)
rCold   . . .        (shield currently unavailable)
rNeg    . . .        a - +0 ring mail
rPois   .            (no helmet)
rElec   .            (no cloak)
rCorr   .            (no gloves)
SInv    .            (no boots)
Will    .....        (no amulet)
Stlth   +            (no ring)
HPRegen 0.23/turn    (no ring)
MPRegen 0.09/turn

%: no passive effects
@: no status effects
A: no striking features
a: no special abilities


You were on level 3 of the Dungeon.
You visited 1 branch of the dungeon, and saw 4 of its levels.

You collected 196 gold pieces.


   Skills:
 - Level 1.5 Fighting
 + Level 7.3 Ranged Weapons
 - Level 2.4 Dodging
 - Level 1.2 Stealth


You had 2 spell levels left.
You didn't know any spells.
Your spell library was empty.

Inventory:

Hand Weapons
 Y - a +1 arbalest of freezing (weapon)
Armour
 a - a +0 ring mail (worn)
Scrolls
 d - a scroll of identify

Dungeon Overview and Level Annotations

Branches:
Dungeon (4/15)
 Temple: D:4-7

Altars:

Annotations:
D:3 3 runed translucent doors, qw's ghost, weakling DEHu


Message History

It is a scroll of enchant weapon.
Your +0 arbalest glows red for a moment.
Could not explore, unopened runed door.
1708 ||| READING scroll labelled FOGIAX HACYKU.
As you read the scroll labelled FOGIAX HACYKU, it crumbles to dust.
It is a scroll of brand weapon.
Your +1 arbalest is covered with a thin layer of ice!
Y - a +1 arbalest of freezing (weapon)
Could not explore, unopened runed door.
(D) Dungeon
Where to? (* - list waypoints, Enter - D:3, ? - help)
What level of the Dungeon? (default 1, ? - help)
You see here 2 stones.
There is a stone staircase leading down here.
You climb downwards.
The adder hisses angrily.
The ogre shouts!
There is a stone staircase leading up here.
There are monsters nearby!
Waypoint 3 assigned to D:4.
You shoot a bolt. The bolt barely misses the ogre.
You shoot a bolt. The bolt barely misses the ogre.
The ogre hits you with a +0 giant club!
Ouch! That really hurt!
1723 ||| STAIRDANCE You climb upwards.
Level annotation: 3 runed translucent doors, qw's ghost, weakling DEHu
There is a stone staircase leading down here.
Enter note:
Enter note:
Enter note:
Enter note:
Enter note:
Enter note:
Enter note:
Enter note:
Enter note: You shoot a bolt.
The bolt hits the ogre!
The bolt freezes the ogre!
The ogre is almost dead.
The ogre hits you with a +0 giant club!!
Ouch! That really hurt!
You die...

#.........###.# #...).....
#........(# #.# #.........
#.........###.#####.........
######:.[......#........(.###....
...............#..........# #....
...............#..........# #....
...............#..........# #....
######...[.........######## #####
#########..@..# #..O..# #.....#
#.....### #.....')#
#.....#.############
#.....#.............
#...>.############## #######


You could see an ogre.

Vanquished Creatures
  An adder (D:2)
  A worm (D:3)
  An orc (D:3)
  3 bats
  9 endoplasms
  2 giant cockroaches
  10 goblins
  6 hobgoblins
  A quokka (D:2)
  A ball python (D:2)
  4 frilled lizards (D:1)
  A kobold (D:1)
  5 rats
45 creatures vanquished.

Notes
Turn   | Place    | Note
-------+----------+-------------------------------------------
     0 | D:1      | qw the Deep Elf Hunter began the quest for the Orb.
     0 | D:1      | Reached XP level 1. HP: 12/12 MP: 3/3
     0 | D:1      | 0 ||| qw: Version: 0.3-a-22-g0ed2b0b
     0 | D:1      | 0 ||| qw: Game counter: 5171
     0 | D:1      | 0 ||| qw: Melee chars always use a shield: true
     0 | D:1      | 0 ||| qw: God list: Okawaru
     0 | D:1      | 0 ||| qw: Allow faded altars: false
     0 | D:1      | 0 ||| qw: Do Orc after clearing Dungeon:15 true
     0 | D:1      | 0 ||| qw: Do second Lair branch before Depths: true
     0 | D:1      | 0 ||| qw: Lair rune preference: random
     0 | D:1      | 0 ||| qw: Goals: Normal
     0 | D:1      | 0 ||| PLANNING D:1-11
    60 | D:1      | Reached XP level 2. HP: 16/16 MP: 4/4
    66 | D:1      | Reached skill level 6 in Ranged Weapons
   369 | D:1      | 369 ||| READING scroll labelled UMUG MIRGHOYH.
   370 | D:1      | 370 ||| READING scroll labelled JUNIW JEYGUNIS.
   371 | D:1      | 371 ||| DROPPING scroll of butterflies.
   395 | D:2      | Reached XP level 3. HP: 20/20 MP: 5/5
   822 | D:2      | Reached skill level 7 in Ranged Weapons
  1055 | D:2      | 1055 ||| UPGRADING to +0 ring mail.
  1065 | D:2      | 1065 ||| DROPPING +0 leather armour.
  1066 | D:2      | 1066 ||| READING scroll labelled VAUTAO ITOITZIVU.
  1104 | D:2      | 1104 ||| DRINKING 2 green potions.
  1105 | D:2      | 1105 ||| DROPPING potion of degeneration.
  1271 | D:3      | 1271 ||| SWAPPING to +0 arbalest.
  1273 | D:3      | 1273 ||| DROPPING +0 shortbow.
  1534 | D:3      | Found a runed translucent gate.
  1534 | D:3      | Found a runed translucent gate.
  1534 | D:3      | Found a runed translucent gate.
  1534 | D:3      | Noticed qw's ghost (weakling DEHu)
  1707 | D:3      | 1707 ||| READING scroll labelled ONUCLE XOOGEV.
  1708 | D:3      | 1708 ||| READING scroll labelled FOGIAX HACYKU.
  1720 | D:4      | Noticed an ogre
  1722 | D:4      | HP: 3/20 [ogre/+0 giant club (17)]
  1723 | D:4      | 1723 ||| STAIRDANCE
  1725 | D:3      | Demolished by an ogre

Levels and vault maps discovered:
D:1:      wander_arrival_fairy_ring, layout_rooms
D:2:      layout_loops_ring
D:3:      layout_basic, gammafunk_ghost_necromancy
D:4:      minmay_chambers_of_fours, layout_cave_pods, old_standard_altar,
          mainiacjoe_overflow_cross_hatched, lemuel_crystal_altar,
          grunt_decor_arrowhead, minmay_shop_grid_forest, chequers_arboretum,
          uniq_ijyb

Skill      XL: |  1  2  3 |
---------------+----------+-----
Ranged Weapons | 6 7 |  7.3
Fighting       | |  1.5
Dodging        | |  2.4
Stealth        | |  1.2

Action                     || total
---------------------------++-------
   Fire: Shortbow          ||   111
         Arbalest          ||    22
    Use: Scroll            ||     5
         Potion            ||     1
 Armour: Leather armour    ||     9
         Ring mail         ||    13
  Dodge: Dodged            ||    30

Table legend:
 A = Non-vault XP
 B = Vault XP
 C = Vault XP percentage of total XP
 D = Non-vault monster count
 E = Vault monster count
 F = Vault count percentage of total count
                 A         B        C        D         E       F
            +---------+---------+-------+---------+---------+-------
      Total |      92 |       0 |   0.0 |      45 |       0 |   0.0
            +---------+---------+-------+---------+---------+-------
        D:1 |      31 |       0 |   0.0 |      19 |       0 |   0.0
        D:2 |      33 |       0 |   0.0 |      13 |       0 |   0.0
        D:3 |      28 |       0 |   0.0 |      13 |       0 |   0.0
            +---------+---------+-------+---------+---------+-------
